 Dungeon Sprint DCSS version 0.27.1 (webtiles) character file.

Game seed: 17050499539179314416

5367 styxcanada the Imperceptible (level 10, -26/55 HPs)
             Began as a Spriggan Brigand on Aug 28, 2021.
             Was an Initiate of Gozag.
             Annihilated by Agnes (29 damage)
             ... in the Dungeon (Sprint IV: "Fedhas' Mad Dash").
             The game lasted 00:14:47 (1868 turns).

styxcanada the Imperceptible (Spriggan Brigand)     Turns: 1868, Time: 00:14:49

Health: -26/55     AC:  4    Str:  7    XL:     10   Next: 39%
Magic:  13/13      EV: 26    Int: 16    God:    Gozag
Gold:   1616       SH:  0    Dex: 20    Spells: 8/11 levels left

rFire    . . .     SeeInvis +   u - +2 short sword (venom)
rCold    . . .     Faith    .   (shield restricted)
rNeg     . . .     Spirit   .   b - +0 robe
rPois    .         Reflect  .   t - +1 hat {Int+3}
rElec    .         Harm     .   c - +0 cloak
rCorr    .         Rampage  .   (gloves unavailable)
Will     ++...     NoTele   +   (boots unavailable)
Stlth    +++++++++.             m - amulet of invisibility {+Inv}
HPRegen  0.18/turn              n - ring of willpower
MPRegen  0.13/turn              (no ring)

@: very slightly contaminated, invisible (expiring), very quick
A: very small, no large weapons, unfitting armour, see invisible, speed 3
a: Renounce Religion, Evoke Invisibility, Potion Petition, Call Merchant, Bribe
Branch


You were in the Dungeon.
You worshipped Gozag.
Gozag was most pleased with you.
You visited 1 branch You collected 2331 gold pieces.
You spent 715 gold pieces at shops.

Inventory:

Hand Weapons
 a - a +2 dagger of venom
 q - a +2 dagger of speed
 u - a +2 short sword of venom (weapon)
Missiles
 d - 18 poisoned darts (quivered)
 e - 2 curare-tipped darts
Armour
 b - a +0 robe (worn)
 c - a +0 cloak (worn)
 t - a +1 hat of intelligence (worn)
Jewellery
 m - the amulet of invisibility (around neck) {+Inv}
   (You found it in the Dungeon)

   [amulet of nothing]

   +Inv:      It lets you turn invisible.
 n - a ring of willpower (left hand)
Scrolls
 k - a scroll of blinking
 l - a scroll of immolation
 v - a scroll of holy word
 w - a scroll of magic mapping
Potions
 f - a potion of curing
 g - a potion of heal wounds
 h - a potion of haste
 i - 2 potions of magic
 j - a potion of flight
 r - a potion of berserk rage
 s - a potion of attraction {unknown}


   Skills:
 * Level 7.2 Fighting
 + Level 7.3 Short Blades
 + Level 5.7 Throwing
 * Level 11.2 Dodging
 * Level 24.0 Stealth
 * Level 1.3 Spellcasting
 * Level 0.7 Conjurations
 * Level 0.9 Air Magic
 * Level 1.0 Poison Magic
 * Level 12.6 Evocations


You had 8 spell levels left.
You knew the following spells:

 Your Spells              Type           Power      Damage    Failure   Level
a - Mephitic Cloud        Conj/Pois/Air  4%         N/A       41%         3

Your spell library contained the following spells:

 Spells                   Type           Power      Damage    Failure   Level
 Summon Small Mammal      Summ           4%         N/A       22%         1
 Blink                    Tloc           N/A        N/A       32%         2
 Passwall                 Tmut/Erth      0%         N/A       32%         2
 Swiftness                Air            4%         N/A       41%         3
 Ignite Poison            Fire/Tmut/Pois 2%         N/A       50%         3
 Call Canine Familiar     Summ           1%         N/A       54%         3
 Summon Guardian Golem    Hex/Summ       1%         N/A       54%         3
 Bolt of Magma            Conj/Fire/Erth 0%         4d4       99%         5
 Manifold Assault         Tloc           1%         N/A       99%         5
 Invisibility             Hex            0%         N/A       100%        6
 Storm Form               Tmut/Air       1%         N/A       100%        7


Dungeon Overview and Level Annotations

Branches:
Dungeon (1/1)

Altars:
Cheibriados
Dithmenos
Elyvilon
Gozag
Hepliaklqana
Kikubaaqudgha
Makhleb
Nemelex Xobeh
Okawaru
Qazlal
Ru
Sif Muna
Trog
Uskayaw
Vehumet
Wu Jian
Xom
Yredelemnul
Zin
The Shining One
Beogh
Jiyva
Lugonu

Shops:
D *(*=*!

Annotations:
D Agnes


Innate Abilities, Weirdness & Mutations

You are very small and have problems with some larger weapons.
You are too small for most types of armour.
You have supernaturally acute eyesight. (SInv)
You cover ground extremely quickly. (Speed+++)


Message History

You drop 2 potions of lignification.
Okay, then.
Okay, then.
Okay, then.
There is an open door here.
Things that are here:
a +0 rapier; a +0 robe
Items here: )) [[.
There is an open door here.
You see here a +0 whip.
You see here a +0 long sword.
There is an open door here.
You fade into invisibility!
You are very lightly contaminated with residual magic.
As you open the door, it creaks loudly!
Agnes the Wanderer comes into view.
She is wielding a +7 lajatang of speed.
Agnes shouts!
Unknown command.
There is an open door here.
Throw: 19 darts (poison)
Press: ? - help, Q - select action, (/) - cycle Shift-Dir - straight line, f - Agnes
Aim: Agnes, wielding a +7 lajatang of speed and wearing a +0 robe (38% to hit)
You throw a poisoned dart. The poisoned dart hits Agnes.
Agnes is poisoned.
Agnes hits you with a +7 lajatang of speed.
Agnes completely misses you.
Agnes hits you with a +7 lajatang of speed!!
There is an open door, spattered with blood here.
Unknown command.
There is an open door here.
You flicker for a moment.
Agnes hits you with a +7 lajatang of speed!
* * * LOW HITPOINT WARNING * * *
You feel much better.
Agnes hits you with a +7 lajatang of speed!!
Ouch! That really hurt!
* * * LOW HITPOINT WARNING * * *
Agnes hits you with a +7 lajatang of speed!!
Ouch! That really hurt!
You die...
Your body crumbles into a pile of gold.

#################################
..P#....÷#.....#.⌠._._._._.⌠.#.)'
P..')....'.#(..'.)_._._._._..'..#
PPP#.....#.#...#..._._._._...#..#
#############'##.._._._._._..#..#
..♣........'...#._._._._._.⌠.####
.....♣.....#...##################
....♣..♣..######♣♣♣♣♣..♣.###.'..'
'####'######.['.@i...♣..♣##..#..#
.#....'.......#♣..♣♣♣.♣).###.##(#
.#..###.......#.♣♣.[♣...♣'...#♣.♣
##### ########################...
.♣.. .♣... .. ♣.. ## ###


You could see Agnes.

Vanquished Creatures
  A spriggan druid (D)
  6 oklob plants (D)
  A demonic crawler (D)
  3 burning bushes (D)
  A queen bee (D)
  3 wandering mushrooms (D)
  A hornet (D)
  3 scorpions (D)
  4 killer bees (D)
  5 oklob saplings (D)
  5 spriggans (D)
  A river rat (D)
  A rat (D)
  A ballistomycete spore (D)
36 creatures vanquished.

Notes
Turn   | Place    | Note
-------+----------+-------------------------------------------
     0 | D        | styxcanada the Spriggan Brigand began the quest for the
                  | Orb.
     0 | D        | Reached XP level 1. HP: 10/10 MP: 2/2
     9 | D        | Reached skill level 8 in Stealth
     9 | D        | Reached XP level 2. HP: 15/15 MP: 3/3
    17 | D        | Noticed an oklob sapling
    19 | D        | Killed an oklob sapling
    20 | D        | Reached skill level 10 in Stealth
    20 | D        | Reached XP level 3. HP: 18/18 MP: 4/4
    21 | D        | Noticed a scorpion
    21 | D        | Found the amulet of invisibility {+Inv}
    23 | D        | Killed a scorpion
    24 | D        | Reached skill level 12 in Stealth
    24 | D        | Reached XP level 4. HP: 23/23 MP: 5/5
    45 | D        | Found an opulent altar of Gozag.
    45 | D        | Found a hazy altar of Hepliaklqana.
    45 | D        | Found a burning altar of Makhleb.
    45 | D        | Found a sparkling altar of Nemelex Xobeh.
    45 | D        | Found a snail-covered altar of Cheibriados.
    45 | D        | Found a sacrificial altar of Ru.
    45 | D        | Found a shimmering blue altar of Sif Muna.
    45 | D        | Found a shimmering altar of Xom.
    45 | D        | Found a basalt altar of Yredelemnul.
    46 | D        | Found a viscous altar of Jiyva.
    46 | D        | Found a bloodstained altar of Trog.
    46 | D        | Found an ornate altar of the Wu Jian Council.
    47 | D        | Found an iron altar of Okawaru.
    47 | D        | Found a shadowy altar of Dithmenos.
    47 | D        | Found a glowing silver altar of Zin.
    48 | D        | Found an ancient bone altar of Kikubaaqudgha.
    48 | D        | Found a hide-covered altar of Uskayaw.
    49 | D        | Found a stormy altar of Qazlal.
    49 | D        | Found a white marble altar of Elyvilon.
    49 | D        | Found a glowing golden altar of the Shining One.
    50 | D        | Became a worshipper of Gozag Ym Sagoz the Greedy
    51 | D        | Found a corrupted altar of Lugonu.
    51 | D        | Found a radiant altar of Vehumet.
    55 | D        | Reached skill level 13 in Stealth
    55 | D        | Reached skill level 1 in Evocations
    55 | D        | Reached XP level 5. HP: 28/28 MP: 3/6
   109 | D        | Reached skill level 14 in Stealth
   137 | D        | Reached skill level 5 in Dodging
   252 | D        | Reached skill level 15 in Stealth
   252 | D        | Reached XP level 6. HP: 4/33 MP: 7/7
   547 | D        | Found Sagg's Weapon Shop.
   547 | D        | Found Detuat's Assorted Antiques.
   553 | D        | Bought a glowing green potion for 21 gold pieces
   553 | D        | Bought a purple potion for 21 gold pieces
   553 | D        | Bought 3 scrolls labelled ENUH DEF HEME for 72 gold pieces
   553 | D        | Bought a runed dagger for 120 gold pieces
   553 | D        | Bought a scroll labelled BEGREUFOWA for 24 gold pieces
   553 | D        | Bought a scroll labelled BACIMO PAESOAK for 24 gold pieces
   570 | D        | Noticed a burning bush
   570 | D        | Noticed a wandering mushroom
   571 | D        | Noticed a wandering mushroom
   575 | D        | Killed a wandering mushroom
   576 | D        | Reached skill level 17 in Stealth
   576 | D        | Reached skill level 5 in Evocations
   576 | D        | Killed a wandering mushroom
   577 | D        | Reached skill level 18 in Stealth
   577 | D        | Reached XP level 7. HP: 38/38 MP: 5/8
   590 | D        | Killed a burning bush
   591 | D        | Reached skill level 19 in Stealth
   607 | D        | Found Yptur's Jewellery Emporium.
   607 | D        | Found Ymerch's Assorted Antiques.
   613 | D        | Bought a glowing coppery potion for 27 gold pieces
   613 | D        | Bought a glowing coppery potion for 27 gold pieces
   613 | D        | Bought a scroll labelled WIPAASS BOBO for 30 gold pieces
   613 | D        | Bought an emerald potion for 27 gold pieces
   701 | D        | Reached skill level 5 in Fighting
   708 | D        | Noticed a queen bee
   715 | D        | Killed a queen bee
   716 | D        | Reached skill level 5 in Short Blades
   716 | D        | Reached skill level 5 in Throwing
   716 | D        | Reached XP level 8. HP: 43/43 MP: 7/9
   804 | D        | Noticed an oklob plant
   807 | D        | Killed an oklob plant
   808 | D        | Reached skill level 20 in Stealth
   820 | D        | Noticed a burning bush
   911 | D        | Bought a +1 short sword of venom for 106 gold pieces
  1086 | D        | Killed a burning bush
  1087 | D        | Reached XP level 9. HP: 15/48 MP: 10/10
  1394 | D        | Noticed a burning bush
  1394 | D        | Noticed an oklob plant
  1395 | D        | Noticed a wandering mushroom
  1396 | D        | Killed a burning bush
  1397 | D        | Reached skill level 21 in Stealth
  1401 | D        | Killed an oklob plant
  1402 | D        | Reached skill level 10 in Evocations
  1405 | D        | Killed a wandering mushroom
  1406 | D        | Reached skill level 10 in Dodging
  1406 | D        | Reached skill level 22 in Stealth
  1410 | D        | Identified the +2 chain mail of Dishonour {Will+}
  1467 | D        | Noticed a spriggan druid
  1469 | D        | Killed a spriggan druid
  1521 | D        | Noticed an oklob plant conjurer
  1522 | D        | Killed an oklob plant conjurer
  1576 | D        | Noticed an oklob plant
  1576 | D        | Noticed an oklob plant summoner
  1577 | D        | Noticed an oklob plant shifter
  1581 | D        | Killed an oklob plant
  1582 | D        | Reached skill level 23 in Stealth
  1582 | D        | Reached XP level 10. HP: 53/53 MP: 8/11
  1584 | D        | Killed an oklob plant summoner
  1587 | D        | Killed an oklob plant shifter
  1654 | D        | Learned a level 3 spell: Mephitic Cloud
  1655 | D        | Noticed a spriggan rider
  1656 | D        | Found Qydghi's General Store.
  1677 | D        | Reached skill level 1 in Spellcasting
  1683 | D        | Reached skill level 24 in Stealth
  1683 | D        | Reached skill level 1 in Poison Magic
  1708 | D        | Found Kaenuz's Distillery.
  1726 | D        | Bought a scroll of identify for 24 gold pieces
  1726 | D        | Bought a potion of berserk rage for 60 gold pieces
  1726 | D        | Bought a scroll of holy word for 90 gold pieces
  1726 | D        | Bought a scroll of magic mapping for 42 gold pieces
  1848 | D        | Noticed Agnes
  1868 | D        | Annihilated by Agnes

Illustrated notes

Levels and vault maps discovered:
D:        dungeon_sprint_fedhas [sprint_temple]

Skill      XL: |  1  2  3  4  5  6  7  8  9 10 |
---------------+-------------------------------+-----
Dodging        | 2 3 4 5 7 8 9 10 11 | 11.2
Stealth        | 8 10 12 13 15 18 19 20 23 24 | 24.0
Fighting       | 2 3 4 5 6 7 |  7.2
Short Blades   | 3 4 5 6 7 |  7.3
Evocations     | 1 3 6 7 9 11 12 | 12.6
Throwing       | 3 4 5 |  5.7
Spellcasting   | 1 |  1.3
Poison Magic   | 1 |  1.0
Conjurations   | |  0.7
Air Magic      | |  0.9

Action                   |  1- 3 |  4- 6 |  7- 9 | 10-12 || total
-------------------------+-------+-------+-------+-------++-------
Melee: Dagger            |     4 |    17 |    21 |       ||    42
       Short sword       |       |       |    24 |    12 ||    36
Throw: Dart              |       |    14 |       |    10 ||    24
 Abil: Evoke Invisibilit |       |     3 |     7 |     2 ||    12
  Use: Potion            |       |     1 |       |     1 ||     2
       Scroll            |       |     3 |     3 |     2 ||     8
 Stab: Sleeping          |     4 |     3 |    16 |     2 ||    25
       Invisible         |       |     1 |       |     1 ||     2
       Distracted        |       |       |     1 |       ||     1
Armor: Robe              |       |     1 |       |       ||     1
Dodge: Dodged            |       |    10 |     4 |    11 ||    25
